[Event "ICCopen2017"]
[Site "Internet Chess Club"]
[Date "2017.03.26"]
[Round "8"]
[White "JJ12"]
[Black "larso"]
[Result "0-1"]
[ICCResult "White resigns"]
[WhiteElo "2401"]
[BlackElo "2628"]
[Opening "Ruy Lopez: Anderssen variation"]
[ECO "C77"]
[NIC "RL.12"]
[Time "20:29:09"]
[TimeControl "180+0"]

1. e4 e5 2. Nf3 Nc6 3. Bb5 a6 4. Ba4 Nf6 5. d3 b5 6. Bb3 Be7 7. O-O d6 8. a4
Bb7 9. Nc3 b4 10. Nd5 Nxd5 11. Bxd5 Na5 12. d4 exd4 13. Nxd4 c5 14. Bxb7
Nxb7 15. Nc6 Qd7 16. Nxe7 Qxe7 17. b3 O-O 18. Re1 Rfe8 19. Bb2 Nd8 20. Qd2
Nc6 21. Rad1 Rad8 22. h3 Qe6 23. Qd3 a5 24. Qb5 Qc8 25. Qd3 Re6 26. Qd5 Kf8
27. f4 Ne7 28. Qh5 Rh6 29. Qf3 Qe6 30. e5 d5 31. g4 d4 32. f5 Qd5 33. Qxd5
Nxd5 34. Rd3 Rc6 35. Re4 Re8 36. Kf2 Rc7 37. Rd2 f6 38. e6 Ke7 39. Bxd4 cxd4
40. Rexd4 Nb6 41. Rd6 Rb7 42. Rc6 Rc8 43. Rxc8 Nxc8 44. Ke3 Rc7 45. Rd5 Rxc2
46. Rxa5 Rc3+ 47. Kd4 Rxb3 48. Rc5 Kd8 49. Rd5+ Ke8 50. Rd7 Ne7 51. Rb7 Nc6+
52. Kc5 Rc3+ 53. Kd6 b3 54. Rxg7 Kf8 55. Rb7 Kg8 56. e7 Kf7 57. a5 Nxa5 58.
Rb8 Rd3+ 59. Kc5 Kxe7 60. Kb4 Nc6+ 61. Kc4 Nxb8 62. Kxd3 Nc6 63. Kc3 Kd6 64.
Kxb3 Ke5 65. Kc3 Kf4 66. Kc4 Kg3 67. Kd5 Nd8 68. Kd6 Kxh3 69. Ke7 Kxg4 70.
Kxf6 h5 71. Kg6 h4 72. f6 h3 73. Kg7 h2 74. Kf8 Ne6+ 75. Ke7 Ng5 76. f7 Nxf7
77. Kxf7 h1=Q 78. Kg6 Qf3 79. Kh6 Qf5 {White resigns} 0-1

[Event "ICCopen2017"]
[Site "Internet Chess Club"]
[Date "2017.03.26"]
[Round "8"]
[White "ibarra"]
[Black "Sophiste"]
[Result "1-0"]
[ICCResult "Black checkmated"]
[WhiteElo "2790"]
[BlackElo "3116"]
[Opening "Sicilian"]
[ECO "B56"]
[NIC "SI.03"]
[Time "20:29:09"]
[TimeControl "180+0"]

1. e4 c5 2. Nf3 d6 3. d4 cxd4 4. Nxd4 Nf6 5. Nc3 e5 6. Nf3 Be7 7. Bc4 O-O 8.
Bg5 Nbd7 9. O-O a6 10. a4 b6 11. Qe2 Bb7 12. Rfd1 Qc7 13. Nd2 Rfc8 14. Bb3
Nc5 15. Bxf6 Bxf6 16. Nd5 Bxd5 17. Bxd5 Rab8 18. c3 b5 19. axb5 axb5 20. Nf1
b4 21. Ne3 Bg5 22. cxb4 Bxe3 23. fxe3 Rxb4 24. Rf1 Ne6 25. b3 Rbb8 26. Rf2
Re8 27. Raf1 Nd8 28. Qh5 Rf8 29. Rf3 Qe7 30. Rh3 h6 31. Rg3 Kh8 32. Qg4 Ne6
33. h4 Rfe8 34. Rgf3 f6 35. Rg3 Nc5 36. Qh5 Rf8 37. Qg6 Rb4 38. Rf5 Rfb8 39.
Rh5 Qf8 40. Rf3 R4b7 41. Bxb7 Rxb7 42. Rxh6+ gxh6 43. Rxf6 Qg8 44. Qf5 Rg7
45. Rxh6+ Rh7 46. Rxd6 Nd7 47. Rxd7 Rxd7 48. Qxd7 Qxb3 49. Qf5 Qd1+ 50. Kh2
Qe1 51. Qxe5+ Kg8 52. Qf4 Kh7 53. Qf5+ Kh8 54. Qh5+ Kg8 55. Qg4+ Kh8 56. Qf3
Kg8 57. Qg3+ Qxg3+ 58. Kxg3 Kg7 59. Kf4 Kf6 60. e5+ Ke6 61. h5 Kf7 62. h6
Kg6 63. e6 Kxh6 64. Ke5 Kg7 65. Kd6 Kf6 66. Kd7 Ke5 67. e7 Ke4 68. e8=Q+ Kd3
69. Qf7 Ke2 70. g4 Kd3 71. g5 Ke2 72. g6 Kd3 73. g7 Ke2 74. g8=Q Kd3 75. e4
Ke2 76. e5 Ke3 77. e6 Kd4 78. e7 Ke5 79. Qg5+ Kd4 80. Qff4+ Kd3 81. Qgg3+
Ke2 82. Qff2+ Kd1 83. Qgf3+ Kc1 84. Q3e3+ Kb1 85. Qd3+ Ka1 86. Qdf1#
{Black checkmated}
1-0

[Event "ICCopen2017"]
[Site "Internet Chess Club"]
[Date "2017.03.26"]
[Round "8"]
[White "arnav311004"]
[Black "alejandrorios"]
[Result "1-0"]
[ICCResult "Black resigns"]
[WhiteElo "1751"]
[BlackElo "1923"]
[Opening "Réti opening"]
[ECO "A04"]
[NIC "QP.10"]
[Time "20:29:23"]
[TimeControl "180+0"]

1. Nf3 c5 2. g3 g6 3. Bg2 Bg7 4. O-O Nc6 5. c4 d6 6. Nc3 Nf6 7. e3 O-O 8. d4
Bd7 9. d5 Na5 10. Nd2 Rb8 11. Qe2 a6 12. Rb1 b5 13. b3 bxc4 14. bxc4 Qc7 15.
Bb2 Rb4 16. a3 Rb7 17. Nce4 Rxb2 18. Rxb2 Nxe4 19. Nxe4 Bxb2 20. Qxb2 Rb8
21. Qc2 Bf5 22. f3 Qb6 23. Qa4 Bxe4 24. fxe4 Qc7 25. h4 Kg7 26. Qc2 f6 27.
h5 Rb3 28. hxg6 hxg6 29. g4 g5 30. e5 dxe5 31. Qf5 Rxe3 32. Be4 Rxe4 33.
Qxe4 Qb6 34. Rf2 Qb3 35. Rh2 Qd1+ 36. Kg2 Qd2+ 37. Kg3 Qc3+ 38. Kg2 Qd2+ 39.
Kh3 Qd4 40. Qf5 Nxc4 41. Kg3 Qe3+ 42. Qf3 Qxf3+ 43. Kxf3 Nb6 44. Rc2 Nxd5
45. Rxc5 Nf4 46. Ra5 Ne6 47. Rxa6 Nd4+ 48. Ke4 Nb3 49. Rc6 Kf7 50. Rc3 Nd4
51. a4 Ke6 52. a5 Kd6 53. a6 Nb5 54. Rc1 Na7 55. Rb1 Nc6 56. Rb7 e6 57. a7
Nxa7 58. Rxa7 f5+ 59. gxf5 exf5+ 60. Kxf5 {Black resigns} 1-0

[Event "ICCopen2017"]
[Site "Internet Chess Club"]
[Date "2017.03.26"]
[Round "8"]
[White "WobblySquares"]
[Black "bennywins"]
[Result "0-1"]
[ICCResult "White checkmated"]
[WhiteElo "1710"]
[BlackElo "1533"]
[Opening "Four knights game"]
[ECO "C47"]
[NIC "KP.06"]
[Time "20:29:26"]
[TimeControl "180+0"]

1. e4 e5 2. Nf3 Nc6 3. Nc3 Nf6 4. Be2 Be7 5. d3 O-O 6. O-O d6 7. Be3 h6 8.
h3 a5 9. Qd2 Be6 10. d4 exd4 11. Nxd4 Nxd4 12. Bxd4 d5 13. e5 Nd7 14. f4 c5
15. Bf2 Qb6 16. Na4 Qc6 17. b3 b5 18. Nb2 Nb6 19. Rad1 d4 20. Bf3 Bd5 21. f5
Bxf3 22. gxf3 Qxf3 23. Qd3 Qxd3 24. Nxd3 f6 25. e6 Rac8 26. Nf4 Rfd8 27. Ng6
Rc7 28. Bg3 Rb7 29. Rfe1 Re8 30. h4 Nd5 31. h5 Nc3 32. Ra1 Nd5 33. Nf4 Ne3
34. Rac1 Nxf5 35. Bf2 Bd6 36. Nd5 Ne7 37. Nxe7+ Rbxe7 38. Rcd1 Rxe6 39. Bh4
Rxe1+ 40. Rxe1 Rxe1+ 41. Bxe1 Kf7 42. Kf2 Ke6 43. Kf3 Kf5 44. Bd2 b4 45. Kg2
Ke4 46. Kf2 d3 47. cxd3+ Kxd3 48. Be3 Kc2 49. Ke2 Kb1 50. Kd3 Kxa2 51. Kc4
Ka3 52. Bd2 Be7 53. Be3 Bf8 54. Bf4 a4 55. bxa4 Kxa4 56. Bc1 b3 57. Kc3 Be7
58. Bb2 Bd6 59. Kc4 Be5 60. Bc1 b2 61. Bxb2 Bxb2 62. Kxc5 Be5 63. Kd5 Kb4
64. Ke6 Kc4 65. Kf5 Kd5 66. Kg6 Ke6 67. Kh7 f5 68. Kg6 f4 69. Kh7 f3 70. Kg8
f2 71. Kh7 f1=Q 72. Kg6 Qg2+ 73. Kh7 Qh3 74. Kg8 Bf6 75. Kf8 Qxh5 76. Kg8
Qe8+ 77. Kh7 Qf7 78. Kh8 Be5 79. Kh7 h5 80. Kh8 h4 81. Kh7 h3 82. Kh8 h2 83.
Kh7 h1=Q# {White checkmated} 0-1

[Event "ICCopen2017"]
[Site "Internet Chess Club"]
[Date "2017.03.26"]
[Round "8"]
[White "Koval"]
[Black "GnowReopard"]
[Result "0-1"]
[ICCResult "White forfeits on time"]
[WhiteElo "1958"]
[BlackElo "2595"]
[Opening "Caro-Kann: Steinitz variation"]
[ECO "B17"]
[NIC "CK.09"]
[Time "20:29:22"]
[TimeControl "180+0"]

1. d4 d5 2. Nc3 c6 3. e4 dxe4 4. Nxe4 Nd7 5. Bc4 Ngf6 6. Ng3 Nb6 7. Bb3 g6
8. Nf3 Bg4 9. Bxf7+ Kxf7 10. Ne5+ Kg7 11. Nxg4 h5 12. Ne5 h4 13. Qd3 Qe8 14.
Ne4 h3 15. gxh3 Rh4 16. Ng3 Rd8 17. c3 Nbd7 18. Nf3 Rxh3 19. Rg1 Nc5 20. Qe3
Na4 21. Ng5 Rxh2 22. Ne6+ Kf7 23. Nxd8+ Qxd8 24. Qf4 Bh6 25. Qe5 Bxc1 26.
Rxc1 Rxf2 27. Ne4 Rf5 28. Qg3 Qg8 29. Ng5+ Kg7 30. b3 Nb6 31. Rc2 Nbd5 32.
Rcg2 Nf4 33. Rh2 N6h5 34. Qg4 Qd5 35. Nf3 Rf6 36. Ne5 Qe4+ 37. Kd1 Qb1+ 38.
Kd2 Qxa2+ 39. Ke3 Qxh2 40. Nxg6 Rxg6 {White forfeits on time} 0-1

[Event "ICCopen2017"]
[Site "Internet Chess Club"]
[Date "2017.03.26"]
[Round "8"]
[White "rickky20"]
[Black "Peaceful-Death"]
[Result "1-0"]
[ICCResult "Black checkmated"]
[WhiteElo "1736"]
[BlackElo "2003"]
[Opening "Trompowsky attack (Ruth, Opocenský opening)"]
[ECO "A45"]
[NIC "QP.07"]
[Time "20:29:35"]
[TimeControl "180+0"]

1. d4 Nf6 2. Bg5 e6 3. e4 Be7 4. c3 d5 5. e5 Nfd7 6. Bxe7 Qxe7 7. f4 c5 8.
Nf3 cxd4 9. cxd4 Nc6 10. Nc3 a6 11. Bd3 f5 12. exf6 Nxf6 13. O-O O-O 14. Qe2
Qd6 15. g3 b5 16. Rfe1 Bd7 17. Rad1 Rae8 18. Bb1 Na5 19. Qd3 b4 20. Ne2 Bb5
21. Qc2 Rc8 22. Qd2 Nc4 23. Qc1 Na3 24. Qd2 Nxb1 25. Rxb1 Ne4 26. Qd1 Bxe2
27. Qxe2 a5 28. Rbc1 Qb6 29. Qd3 a4 30. Ne5 a3 31. Nd7 Qd6 32. Nxf8 Rxf8 33.
bxa3 bxa3 34. Rb1 g5 35. fxg5 Nxg5 36. Re3 Nh3+ 37. Kg2 Nf2 38. Qe2 Ne4 39.
Rxe4 dxe4 40. Qxe4 Rd8 41. Rb7 Qd5 42. Qxd5 Rxd5 43. Rb3 Rxd4 44. Rxa3 Rd2+
45. Kh3 Kf7 46. g4 Kf6 47. Kg3 e5 48. h4 h5 49. Ra6+ Kf7 50. g5 e4 51. Kf4
Rh2 52. Kxe4 Rxh4+ 53. Kf5 Rg4 54. g6+ Kf8 55. Ra7 Kg8 56. Kf6 Rg1 57. Ra8#
{Black checkmated}
1-0

[Event "ICCopen2017"]
[Site "Internet Chess Club"]
[Date "2017.03.26"]
[Round "8"]
[White "Zipa5"]
[Black "Piranha"]
[Result "0-1"]
[ICCResult "White forfeits on time"]
[WhiteElo "1328"]
[BlackElo "1599"]
[Opening "Réti: King's Indian attack"]
[ECO "E62"]
[NIC "QP.11"]
[Time "20:29:43"]
[TimeControl "180+0"]

1. Nf3 Nf6 2. g3 g6 3. Bg2 Bg7 4. c4 d6 5. d4 O-O 6. Nc3 c6 7. h3 Qe8 8. e4
e5 9. d5 c5 10. a3 Nh5 11. b4 b6 12. Bd2 f5 13. exf5 gxf5 14. Ng5 Nf6 15.
Ne6 Rf7 16. Nb5 Na6 17. Nxd6 Qe7 18. Nxf7 Qxf7 19. Nxg7 Qxg7 20. d6 Rb8 21.
b5 Nc7 22. dxc7 Qxc7 23. Bc3 Qe7 24. O-O e4 25. Qd2 Be6 26. Rfd1 Bxc4 27.
Qd6 Kf7 28. Qxe7+ Kxe7 29. Bxf6+ Kxf6 30. Rd7 Ke5 31. Rxh7 Kd4 32. Rd1+ Kc3
33. Bf1 Bxf1 34. Kxf1 Kc4 35. Rdd7 Kxb5 36. Rxa7 c4 37. Rhb7 Rd8 38. Rd7 Rc8
39. Rd5+ Kc6 40. Rxf5 c3 41. Ra4 b5 42. Rxe4 Kd6 43. Re1 c2 44. Rc1 Ke6 45.
Rxb5 Kd6 46. Rb2 Ra8 47. Rbxc2 Rxa3 48. Rd1+ Ke5 49. Re2+ Kf5 50. Rd8 Ra7
51. Rf8+ Kg6 52. Re4 Kg7 53. Rf5 Kg6 54. Ref4 Ra6 55. h4 Rb6 56. Kg2 Ra6 57.
Rg5+ Kh6 58. Rf8 Kh7 {White forfeits on time} 0-1

[Event "ICCopen2017"]
[Site "Internet Chess Club"]
[Date "2017.03.26"]
[Round "8"]
[White "hgarjur"]
[Black "Eliezer"]
[Result "1-0"]
[ICCResult "Black checkmated"]
[WhiteElo "1881"]
[BlackElo "1517"]
[Opening "Bird's opening"]
[ECO "A03"]
[NIC "VO.07"]
[Time "20:29:48"]
[TimeControl "180+0"]

1. f4 d5 2. g3 b6 3. Bg2 Bb7 4. b3 Nd7 5. Bb2 c6 6. Nf3 e6 7. O-O Ngf6 8. d3
Bd6 9. h3 Qc7 10. Nbd2 O-O-O 11. e4 dxe4 12. dxe4 e5 13. f5 Kb8 14. Qe2 Rhe8
15. Rad1 Nh5 16. Kh2 g6 17. g4 Ng7 18. Nc4 Nc5 19. Nxd6 Rxd6 20. Rxd6 Qxd6
21. Rd1 Qe7 22. Nd2 f6 23. Nc4 gxf5 24. exf5 h5 25. Nd6 Rd8 26. Nxb7 Kxb7
27. Rxd8 Qxd8 28. Qf3 Qd6 29. Ba3 e4+ 30. Qg3 Qxg3+ 31. Kxg3 hxg4 32. hxg4
Nd7 33. Bxe4 Ne5 34. Be7 Ne8 35. g5 Kc7 36. gxf6 Kd7 37. Kf4 Nf7 38. c4 c5
39. Bd5 Ned6 40. Be6+ Ke8 41. Bxd6 a6 42. Be7 b5 43. Ke4 bxc4 44. Bxc4 a5
45. Bb5# {Black checkmated} 1-0

[Event "ICCopen2017"]
[Site "Internet Chess Club"]
[Date "2017.03.26"]
[Round "8"]
[White "DoctorWho"]
[Black "primerpaso"]
[Result "1-0"]
[ICCResult "Black resigns"]
[WhiteElo "1856"]
[BlackElo "1613"]
[Opening "Nimzo-Indian: 4.e3 c5"]
[ECO "E41"]
[NIC "NI.15"]
[Time "20:29:54"]
[TimeControl "180+0"]

1. d4 Nf6 2. c4 e6 3. Nc3 Bb4 4. e3 c5 5. Bd3 d5 6. Ne2 Nc6 7. a3 dxc4 8.
Bxc4 cxd4 9. exd4 Be7 10. O-O O-O 11. Ba2 b6 12. d5 Nxd5 13. Nxd5 exd5 14.
Nf4 Bb7 15. Nxd5 Bf6 16. Qf3 Nd4 17. Nxf6+ Qxf6 18. Qxb7 Nc2 19. Rb1 Qg6 20.
Bf4 Rac8 21. h3 Nd4 22. Rfe1 Rc6 23. Bd5 Rf6 24. Be4 Qh5 25. Be5 Ne2+ 26.
Kf1 Qxe5 27. Rxe2 Qh2 28. f3 Re6 29. Qd5 Rfe8 30. Rd1 Re5 31. Qd6 R5e6 32.
Qxh2 {Black resigns} 1-0

[Event "ICCopen2017"]
[Site "Internet Chess Club"]
[Date "2017.03.26"]
[Round "8"]
[White "tsedaka26"]
[Black "tigerr"]
[Result "1-0"]
[ICCResult "Black checkmated"]
[WhiteElo "1718"]
[BlackElo "2112"]
[Opening "Queen's pawn game"]
[ECO "A45"]
[NIC "QP.07"]
[Time "20:29:43"]
[TimeControl "180+0"]

1. d4 Nf6 2. c3 d5 3. e3 c5 4. Bd3 Nc6 5. Nd2 g6 6. f4 Bg7 7. Ngf3 O-O 8.
O-O b6 9. Ne5 Bb7 10. Qe2 Rc8 11. Ba6 Qc7 12. a4 Bxa6 13. Qxa6 cxd4 14. exd4
e6 15. Re1 h5 16. Ndf3 Ne7 17. a5 Nf5 18. axb6 axb6 19. Ng5 Nh7 20. Nxh7
Kxh7 21. Be3 Nd6 22. Qa7 f6 23. Qxc7 Rxc7 24. Nd3 Nc4 25. Ra6 Kg8 26. Bf2
Re8 27. b3 Nd2 28. Rxb6 Rxc3 29. Nc5 Bh6 30. Rbxe6 Rxe6 31. Nxe6 Rxb3 32.
Nc7 Ne4 33. Nxd5 f5 34. g3 Rb2 35. Rxe4 fxe4 36. Nf6+ Kf8 37. Nxe4 Kf7 38.
d5 Rb1+ 39. Kg2 Rd1 40. d6 Bf8 41. Bc5 Ke6 42. Kf3 Rc1 43. h3 Rd1 44. g4
Rd3+ 45. Ke2 Rd5 46. Ba3 Bg7 47. gxh5 g5 48. fxg5 Re5 49. Kf3 Rf5+ 50. Kg4
Be5 51. Nc5+ Kd5 52. Kxf5 Bxd6 53. h6 Be5 54. g6 Bc3 55. g7 Bxg7 56. hxg7
Kc4 57. g8=Q+ Kb5 58. h4 Kc6 59. h5 Kb5 60. h6 Ka5 61. Qd5 Kb5 62. h7 Kb6
63. h8=Q Kc7 64. Qhd8# {Black checkmated} 1-0

[Event "ICCopen2017"]
[Site "Internet Chess Club"]
[Date "2017.03.26"]
[Round "8"]
[White "Harmony1957"]
[Black "Siryk"]
[Result "1-0"]
[ICCResult "Black forfeits on time"]
[WhiteElo "2326"]
[BlackElo "2893"]
[Opening "Réti: King's Indian attack (Barcza system)"]
[ECO "A07"]
[NIC "VO.09"]
[Time "20:29:33"]
[TimeControl "180+0"]

1. g3 d5 2. Nf3 Nf6 3. Bg2 g6 4. b3 Bg7 5. Bb2 O-O 6. c4 c5 7. O-O d4 8. b4
Nc6 9. bxc5 e5 10. d3 Nd7 11. Ba3 Re8 12. Nbd2 Bf8 13. Ne4 Qa5 14. Qc1 Kg7
15. Nd6 Re7 16. Bh3 f6 17. Nd2 Qc7 18. N2e4 Nd8 19. Nxc8 Rxc8 20. c6 Nxc6
21. Bxe7 Bxe7 22. Rb1 Rb8 23. c5 f5 24. Nd6 Bxd6 25. cxd6 Qxd6 26. Bg2 Nb6
27. Rb5 Rc8 28. Qb2 Rc7 29. Qb3 Nd8 30. Rb1 Nd7 31. Qd5 Qxd5 32. Rxd5 Kf6
33. f4 Ne6 34. Ra5 b6 35. fxe5+ Nxe5 36. Rd5 Ng4 37. Rd6 Ke7 38. Rc6 Rxc6
39. Bxc6 Ne5 40. Bd5 Nc5 41. Rb4 Ng4 42. Rxd4 Kf6 43. Bf3 Ne5 44. Kg2
{Black forfeits on time}
1-0

[Event "ICCopen2017"]
[Site "Internet Chess Club"]
[Date "2017.03.26"]
[Round "8"]
[White "Shadeath"]
[Black "TrendFriend"]
[Result "1-0"]
[ICCResult "Black forfeits on time"]
[WhiteElo "2767"]
[BlackElo "2408"]
[Opening "Sicilian: Alapin's variation (2.c3)"]
[ECO "B22"]
[NIC "SI.46"]
[Time "20:29:38"]
[TimeControl "180+0"]

1. e4 c5 2. c3 d6 3. d4 Nf6 4. dxc5 Nc6 5. f3 dxc5 6. Qxd8+ Nxd8 7. Be3 e6
8. Bb5+ Bd7 9. a4 Nc6 10. Na3 Be7 11. Ne2 O-O-O 12. Nc4 a6 13. Bxc6 Bxc6 14.
Bf4 b5 15. Ne5 Be8 16. axb5 axb5 17. Ra7 Bd6 18. Nxf7 Bxf7 19. Rxf7 Bxf4 20.
Nxf4 Rd7 21. Rxd7 Kxd7 22. Kd2 Ra8 23. Kc2 e5 24. Rd1+ Kc6 25. Nd5 Nd7 26.
h4 g6 27. Ne3 Rf8 28. Ra1 Kb7 29. Nd5 h6 30. Rh1 Ra8 31. Rh3 Nb6 32. Nxb6
Kxb6 33. Rh1 Rg8 34. Rd1 Kc6 35. Rd5 g5 36. h5 g4 37. Rxe5 gxf3 38. gxf3
Rg2+ 39. Kb1 c4 40. Re6+ Kc5 41. Rxh6 b4 42. cxb4+ Kxb4 43. Rh8 Re2 44. h6
Rh2 45. h7 Rh1+ 46. Ka2 c3 47. Rb8+ Kc4 48. Rc8+ Kd4 49. h8=Q+ Ke3 50. Qxc3+
Kf4 51. Rf8+ Kg3 52. f4+ {Black forfeits on time} 1-0

[Event "ICCopen2017"]
[Site "Internet Chess Club"]
[Date "2017.03.26"]
[Round "8"]
[White "lmenezes"]
[Black "simplerxiao"]
[Result "0-1"]
[ICCResult "White checkmated"]
[WhiteElo "1622"]
[BlackElo "1960"]
[Opening "Trompowsky attack (Ruth, Opocenský opening)"]
[ECO "A45"]
[NIC "QP.07"]
[Time "20:32:25"]
[TimeControl "180+0"]

1. d4 Nf6 2. Bg5 d5 3. Bxf6 gxf6 4. e3 c5 5. c3 Nc6 6. Nd2 cxd4 7. exd4 Bg7
8. Bd3 e5 9. Ne2 e4 10. Bb5 f5 11. Qb3 Be6 12. O-O-O Rc8 13. Kb1 Qb6 14. Nf4
a6 15. Ba4 Qc7 16. Nxd5 Qd6 17. c4 b5 18. Nb6 Rb8 19. c5 Qxd4 20. Qg3 Qxb2#
{White checkmated}
0-1

[Event "ICCopen2017"]
[Site "Internet Chess Club"]
[Date "2017.03.26"]
[Round "8"]
[White "iragefree"]
[Black "kaimann"]
[Result "1-0"]
[ICCResult "Black checkmated"]
[WhiteElo "1733"]
[BlackElo "1923"]
[Opening "Old Indian defense"]
[ECO "A42"]
[NIC "OI.07"]
[Time "20:29:41"]
[TimeControl "180+0"]

1. d4 d6 2. c4 e5 3. Nf3 e4 4. Ng5 f5 5. Nc3 Be7 6. Nh3 Nf6 7. e3 c6 8. Nf4
O-O 9. h4 Na6 10. Be2 Nc7 11. Kf1 d5 12. g3 Ne6 13. b3 Bb4 14. Bb2 Qa5 15.
Qc2 Bd7 16. a3 Be7 17. b4 Qd8 18. Nxe6 Bxe6 19. c5 Kh8 20. b5 Ng4 21. Bxg4
fxg4 22. Kg2 Qe8 23. bxc6 bxc6 24. Rab1 Qf7 25. Rhf1 Qf3+ 26. Kg1 Rf6 27.
Qe2 Qf5 28. Rfc1 Raf8 29. Rc2 g5 30. hxg5 Qxg5 31. Ba1 Rh6 32. Qf1 Rh3 33.
Qg2 Rf6 34. Rb8+ Kg7 35. Rb7 Rfh6 36. Ne2 Qh5 37. Rxe7+ Kf6 38. Rxe6+ Kf7
39. Rxh6 Qxh6 40. Nf4 Ke7 41. Rb2 Kd8 42. Nxh3 gxh3 43. Qh2 Kc7 44. g4+ Kd7
45. Rb7+ Ke6 46. Qd6# {Black checkmated} 1-0

[Event "ICCopen2017"]
[Site "Internet Chess Club"]
[Date "2017.03.26"]
[Round "8"]
[White "TerryR"]
[Black "Cubitas"]
[Result "1-0"]
[ICCResult "Black checkmated"]
[WhiteElo "2276"]
[BlackElo "2433"]
[Opening "King's Indian: Torre attack"]
[ECO "A48"]
[NIC "QP.01"]
[Time "20:29:00"]
[TimeControl "180+0"]

1. d4 Nf6 2. Nf3 g6 3. Bg5 Bg7 4. Nbd2 O-O 5. c3 d6 6. e4 Nbd7 7. Be2 e5 8.
dxe5 Nxe5 9. Nxe5 dxe5 10. O-O h6 11. Be3 Qe7 12. a4 a5 13. Re1 b6 14. Qc2
Bb7 15. f3 Nh7 16. Bd3 Ng5 17. Rad1 Ne6 18. Bc4 Rfd8 19. Nf1 h5 20. Bf2 Bh6
21. Ne3 c6 22. Nf1 Nf4 23. Rxd8+ Qxd8 24. Rd1 Qc7 25. Be3 Rf8 26. Qd2 Bc8
27. Qd6 Qxd6 28. Rxd6 b5 29. axb5 cxb5 30. Bxb5 Be6 31. Kf2 Rb8 32. c4 Bf8
33. Rd1 Bb4 34. g3 Nh3+ 35. Kg2 f5 36. exf5 Bxf5 37. Rd5 Be7 38. Rxe5 Bf6
39. Rxf5 gxf5 40. Kxh3 Bxb2 41. Bf4 Ra8 42. Ba4 Rc8 43. Ne3 Bc1 44. Bb5 Ra8
45. Ba4 Rc8 46. Nxf5 Bxf4 47. Ne7+ Kf7 48. Nxc8 Bd2 49. Nd6+ Ke6 50. Ne4 Bb4
51. Kh4 Kf5 52. Kxh5 Be7 53. h4 Ke5 54. g4 Kf4 55. c5 Bf8 56. c6 Be7 57. c7
Ke5 58. c8=Q Kf4 59. Qf5+ Ke3 60. Ng5 Bxg5 61. Qe4+ Kf2 62. hxg5 Kg3 63. Qe3
Kh3 64. Bb5 Kg2 65. Kh4 Kh1 66. Qf2 a4 67. Kg3 a3 68. Qf1# {Black
checkmated} 1-0

[Event "ICCopen2017"]
[Site "Internet Chess Club"]
[Date "2017.03.26"]
[Round "8"]
[White "GYMEJR"]
[Black "WinAgain"]
[Result "0-1"]
[ICCResult "White forfeits on time"]
[WhiteElo "1521"]
[BlackElo "1375"]
[Opening "Queen's pawn"]
[ECO "A40"]
[NIC "QO.17"]
[Time "20:29:50"]
[TimeControl "180+0"]

1. d4 e6 2. Bf4 d5 3. e3 Bd6 4. Bg3 h5 5. Nf3 g5 6. Bxd6 cxd6 7. h3 f6 8.
Bd3 Ne7 9. c4 Nbc6 10. cxd5 exd5 11. Nc3 Be6 12. Qc2 Qc7 13. Bg6+ Bf7 14.
Bxf7+ Kxf7 15. a3 Rac8 16. O-O-O Na5 17. Kb1 Nc4 18. Qd3 Qb6 19. Na4 Qb5 20.
b3 Nxa3+ 21. Ka2 Qxd3 22. Rxd3 Nb5 23. Kb2 Rc7 24. Re1 Rhc8 25. Re2 b6 26.
Ne1 Rc6 27. f3 a6 28. e4 Na7 29. exd5 Nxd5 30. Rc2 b5 31. Rxc6 Rxc6 32. Nc3
Nxc3 33. Rxc3 Rxc3 34. Kxc3 a5 35. Nd3 Ke6 36. g3 Nc6 37. f4 g4 38. f5+ Kxf5
39. Nf4 gxh3 40. Nxh3 Kg4 41. Nf4 Kxg3 42. Nxh5+ Kf2 43. Nxf6 Ne7 44. d5 Kf3
45. Kd4 Kf4 46. Nd7 Kf5 47. Nb8 Ng6 48. Nc6 Ne5 49. Nxa5 Nf3+ 50. Kd3 Ne5+
51. Kd4 Nf7 52. Ke3 Ke5 {White forfeits on time} 0-1

[Event "ICCopen2017"]
[Site "Internet Chess Club"]
[Date "2017.03.26"]
[Round "8"]
[White "Aladdin"]
[Black "Tal-Baron"]
[Result "0-1"]
[ICCResult "White checkmated"]
[WhiteElo "2275"]
[BlackElo "2729"]
[Opening "French: exchange variation"]
[ECO "C01"]
[NIC "FR.01"]
[Time "20:30:27"]
[TimeControl "180+0"]

1. e4 e6 2. d4 d5 3. exd5 exd5 4. Bd3 Nf6 5. c3 c6 6. h3 Bd6 7. Qf3 O-O 8.
Ne2 Re8 9. O-O Ne4 10. Bf4 Qf6 11. Nd2 Bxf4 12. Bxe4 Bxd2 13. Bxh7+ Kxh7 14.
Qd3+ Qg6 15. Qxd2 Bxh3 16. Nf4 Qg5 17. Rfe1 Nd7 18. Re3 Bf5 19. Rae1 Qxf4
20. Rh3+ Bxh3 21. Qxf4 Rxe1+ 22. Kh2 Be6 23. Qc7 Rh8 24. Kg3 Nf6 25. Qxb7
Kg6 26. f3 Re2 27. Qxc6 Nh5+ 28. Kh2 Nf4+ 29. Kg3 Kg5 30. Qd6 Rxg2#
{White checkmated}
0-1

[Event "ICCopen2017"]
[Site "Internet Chess Club"]
[Date "2017.03.26"]
[Round "8"]
[White "Dictator"]
[Black "gannikus1992"]
[Result "1-0"]
[ICCResult "Black forfeits on time"]
[WhiteElo "2584"]
[BlackElo "2361"]
[Opening "Queen's Pawn"]
[ECO "A41"]
[NIC "QO.17"]
[Time "20:29:18"]
[TimeControl "180+0"]

1. d4 d6 2. Nf3 g6 3. b3 Bg7 4. Bb2 c6 5. e3 Bg4 6. Be2 Nd7 7. Nbd2 Ngf6 8.
h3 Bxf3 9. Nxf3 O-O 10. O-O a5 11. a4 Nd5 12. c4 Nb4 13. Qd2 c5 14. d5 Bxb2
15. Qxb2 f6 16. e4 Na6 17. Ne1 Nc7 18. Nd3 Ne8 19. f4 Ng7 20. e5 Nf5 21. Bg4
Nd4 22. Rae1 fxe5 23. fxe5 Rxf1+ 24. Rxf1 Nxe5 25. Nxe5 dxe5 26. Qf2 Qf8 27.
Qg3 Qg7 28. Re1 h5 29. Be6+ Kh7 30. Rxe5 Rf8 31. Kh2 Qf6 32. Bd7 h4 33. Qe3
Rf7 34. Be6 Rf8 35. Bg4 Rf7 36. Qe4 Kg7 37. Qe3 b6 38. Be6 Qf4+ 39. Qxf4
Rxf4 40. Bd7 Kf6 41. Re3 Rf2 42. Be8 Rb2 43. Kg1 Rxb3 44. Re4 Rb1+ 45. Kf2
Rb2+ 46. Kf1 Rb1+ 47. Kf2 Rb4 48. Rf4+ Ke5 49. Rxh4 Rxc4 50. Bxg6 Rxa4 51.
Rh5+ Kf6 52. Be4 Ra2+ 53. Ke3 a4 54. Rh6+ Kg7 55. Rxb6 a3 56. d6 exd6 57.
Rxd6 Rb2 58. Ra6 a2 59. h4 Nb5 60. Bd5 Nc3 61. Bc4 Rxg2 62. Kd3 Rg3+ 63. Kc2
Ne4 64. h5 Rc3+ 65. Kb2 Rxc4 66. h6+ Kh7 67. Kxa2 Rb4 68. Ka3 Rb1 69. Ra7+
Kxh6 70. Rc7 Kg5 71. Rc6 Kf4 72. Ka4 Ra1+ 73. Kb5 Rb1+ 74. Ka6 Rd1 75. Kb7
{Black forfeits on time}
1-0

[Event "ICCopen2017"]
[Site "Internet Chess Club"]
[Date "2017.03.26"]
[Round "8"]
[White "lestri"]
[Black "ural"]
[Result "1-0"]
[ICCResult "Black forfeits on time"]
[WhiteElo "2560"]
[BlackElo "2342"]
[Opening "English: four knights, Stean variation"]
[ECO "A27"]
[NIC "EO.21"]
[Time "20:30:08"]
[TimeControl "180+0"]

1. c4 e5 2. Nc3 Nc6 3. Nf3 Bb4 4. Qc2 Nf6 5. e3 O-O 6. Nd5 Re8 7. Qf5 d6 8.
Nxf6+ Qxf6 9. Qxf6 gxf6 10. a3 Ba5 11. b4 Bb6 12. Bb2 a5 13. b5 Nd8 14. d4
Bg4 15. c5 dxc5 16. dxe5 Bxf3 17. gxf3 fxe5 18. Rg1+ Kf8 19. Bc4 c6 20. Rg5
Bc7 21. Ke2 Ne6 22. Rh5 Ke7 23. bxc6 bxc6 24. Bxe5 Bxe5 25. Rxe5 Reb8 26. f4
Rb2+ 27. Kf3 Kf6 28. Bxe6 fxe6 29. Rxc5 Ra6 30. Rh5 Ra7 31. Rc1 Rd7 32. Rxc6
Rdd2 33. Rh6+ Kg7 34. Rhxe6 Rxf2+ 35. Ke4 Rxh2 36. Re7+ Kf8 37. Ra7 Rb8 38.
Rcc7 Re8+ 39. Kf5 Rxe3 40. a4 Rh5+ 41. Kg4 Rh6 42. Kg5 Rg6+ 43. Kf5 Rh6 44.
Rxh7 Rxh7 45. Rxh7 Ra3 46. Kf6 Kg8 47. Ra7 Rxa4 48. f5 Rb4 49. Ra8+ Kh7 50.
Rxa5 Rb6+ 51. Kg5 Kg7 52. Ra7+ Kg8 53. Re7 Rc6 54. Re6 Rxe6 55. fxe6 Kg7 56.
Kf5 Kg8 57. Kg6 {Black forfeits on time} 1-0

[Event "ICCopen2017"]
[Site "Internet Chess Club"]
[Date "2017.03.26"]
[Round "8"]
[White "tirandopiezas"]
[Black "manneredmonkey"]
[Result "1-0"]
[ICCResult "Black checkmated"]
[WhiteElo "2016"]
[BlackElo "1831"]
[Opening "Pirc defense"]
[ECO "B07"]
[NIC "PU.08"]
[Time "20:29:40"]
[TimeControl "180+0"]

1. e4 d6 2. d4 Nf6 3. Bc4 c6 4. Qe2 d5 5. exd5 cxd5 6. Bb3 g6 7. Nc3 Bg7 8.
Bg5 e6 9. Nf3 O-O 10. h4 h6 11. Bxf6 Qxf6 12. Ne5 Nc6 13. h5 g5 14. Nxc6
bxc6 15. O-O-O a5 16. Kb1 Ba6 17. Qe3 c5 18. Ne2 Bb5 19. c3 a4 20. Bc2 Rfb8
21. a3 Rb7 22. f4 Rab8 23. fxg5 hxg5 24. h6 Bxh6 25. Ng3 Bc4 26. Nh5 Rxb2+
27. Kc1 Rxc2+ 28. Kxc2 Qg6+ 29. Kd2 g4 30. Nf6+ Qxf6 31. Rxh6 Rb2+ 32. Kc1
Qf2 33. Qxf2 Kf8 34. Kxb2 cxd4 35. Qf6 Ke8 36. Rh8+ Kd7 37. Rdh1 Kc6 38.
R1h7 dxc3+ 39. Kxc3 d4+ 40. Kxd4 Bd5 41. Qe5 Kb5 42. Rxf7 Kb6 43. Rb8+ Kc6
44. Rc7# {Black checkmated} 1-0